Unix NetHack Version 5.0.0-0 post-release - last build May  4 2026 22:22:43 (774f63e81ad911689b3a0859ea89b322d5daca8d,branch:main).

Game began 2026-05-06 17:58:15, ended 2026-05-06 18:15:06.

AuraMoom, chaotic male orcish Ranger

                                                             --------------
                                                         ####-...........{|
                                                             |............|
                                                             |............|
                                                             |...<........|
                                                             ----------|---
                                                                     ###
                                                                    ##
                                                                    #
                                                                    #
                                                           ##########
                                                       ----|--------
                                                       .....0_@e..^|
                                                       |......Bd...|
                                                       |...........|
                                                       |...........|
                                                       |...........|
                                                       |...........|
                                                       -------------

AuraMoom the Lookout         St:17 Dx:10 Co:13 In:14 Wi:14 Ch:7  Chaotic
Dlvl:4  $:22 HP:0(28) Pw:7(7) AC:7  Xp:3 T:1587  Hungry  

Latest messages:
 Sirius picks up a scroll labeled XIXAXA XOXAXA XUXAXA.
 You stop.  Sirius is in the way!
 You see here a heavy iron ball (chained to you).
 Sirius drops a scroll labeled XIXAXA XOXAXA XUXAXA.
 You hear the footsteps of a guard on patrol.
 You see here a heavy iron ball (chained to you).
 You stop.  Sirius is in the way!
 You stop.  Sirius is in the way!
 F - a scroll labeled XIXAXA XOXAXA XUXAXA.
 What do you want to read? [tF or ?*] ?
 As you read the scroll, it disappears.
 A lit field surrounds you!
 G - 9 ya.
 You see here an archeologist corpse.
 You are momentarily blinded by a flash of light!
 You hear a deafening roar!
 Wait!  There's something there you can't see!
 It bites!
 Really step onto that magic trap? [yn] (n) n
 Pick a monster, object or location.
 Wait!  There's something there you can't see!
 It bites!
 Wait!  There's something there you can't see!
 It bites!
 You attack thin air.
 You attack thin air.
 You try to feel what is lying here on the floor.
 You feel here a jackal corpse.
 You can see again.
 You see here a heavy iron ball (chained to you).
 You stop.  Sirius is in the way!
 You hit the floating eye.
 You miss the floating eye.
 You are frozen by the floating eye's gaze!
 Sirius bites the floating eye.
 Sirius is frozen by the floating eye's gaze!
 You can hear again.
 The giant bat bites!
 The giant bat bites!
 The giant bat bites!
 The giant bat bites!
 The giant bat bites!
 The giant bat bites!
 The giant bat bites!
 You die...
 Do you want your possessions identified? [ynq] (y) y
 Do you want to see your attributes? [ynq] (y) y
 Do you want an account of creatures vanquished? [ynaq] (y) n
 Do you want to see your conduct and achievements? [ynq] (y) n
 Do you want to see the dungeon overview? [ynq] (y) y

Inventory:
 Coins    ('$')
  $ - 22 gold pieces
 Weapons  (')')
  c - 59 +2 orcish arrows (in quiver)
  d - 34 +0 orcish arrows
  G - 9 cursed +0 ya
  b - a +1 orcish bow (alternate weapon; not wielded)
  j - 6 blessed +0 darts
  k - a greased +0 dart
  B - 7 corroded +0 darts
  a - a +2 orcish dagger (weapon in right hand)
  C - a +0 spear
  z - a +0 elven broadsword
 Armor    ('[')
  x - an uncursed +0 orcish helm
  e - an uncursed +2 cloak of displacement (being worn)
 Comestibles  ('%')
  g - 8 uncursed food rations
  y - 2 cursed food rations
  i - a cursed lembas wafer
  f - 6 uncursed tripe rations
 Spellbooks  ('+')
  t - an uncursed spellbook of detect monsters
 Potions  ('!')
  p - 3 uncursed potions of healing
  s - an uncursed potion of paralysis
  E - a cursed potion of sleeping
 Rings    ('=')
  w - an uncursed ring of conflict
 Tools    ('(')
  n - an uncursed skeleton key
  u - a cursed tallow candle
 Gems/Stones  ('*')
  r - an uncursed worthless piece of black glass
  v - an uncursed worthless piece of violet glass

AuraMoom the Ranger's attributes:

Background:
 You were a Lookout, a level 3 male orcish Ranger.
 You were chaotic, nominally on a mission for Mars
 who was opposed by Mercury (lawful) and Venus (neutral).
 You were right-handed.
 You were in the Dungeons of Doom, on level 4.
 You entered the dungeon 1587 turns ago.
 You had 52 experience points, 28 more were needed to attain level 4.

Basics:
 You had 0 out of 28 hit points.
 You had all 7 energy points (spell power).
 Your armor class was 7.
 Your wallet contained 22 zorkmids.
 Autopickup was on for all types, with exceptions.

Final Characteristics:
 Your strength was 17 (limit:18/50).
 Your dexterity was 10 (limit:18).
 Your constitution was 13 (limit:18).
 Your intelligence was 14 (limit:16).
 Your wisdom was 14 (limit:16).
 Your charisma was 7 (limit:16).

Final Status:
 You were chained to a heavy iron ball.
 You were hungry.
 You were unencumbered.
 You were wielding a dagger.
 You had basic skill with dagger.

Final Attributes:
 You were devoutly aligned.
 You were poison resistant.
 You had automatic searching.
 You had infravision.
 You were displaced.
 You were warded.
 You are dead.

Miscellaneous:
 You didn't encounter any bones levels.
 Total elapsed playing time was 16 minutes and 42 seconds.

Major events:
 Turn
    1: AuraMoom the chaotic male orcish Ranger entered the dungeon
 1207: attained the rank of Lookout (level 3)
 1587: killed by a giant bat, while frozen by a floating eye's gaze

You didn't know any spells.

Skills:
 Fighting Skills
   bare handed combat [Unskilled]
   riding             [Unskilled]
 Weapon Skills
   dagger             [Basic]
   knife              [Unskilled]
   axe                [Unskilled]
   pick-axe           [Unskilled]
   short sword        [Unskilled]
   morning star       [Unskilled]
   flail              [Unskilled]
   hammer             [Unskilled]
   quarterstaff       [Unskilled]
   polearms           [Unskilled]
   spear              [Unskilled]
   trident            [Unskilled]
   bow                [Basic]
   sling              [Unskilled]
   crossbow           [Unskilled]
   dart               [Unskilled]
   shuriken           [Unskilled]
   boomerang          [Unskilled]
   whip               [Unskilled]
 Spellcasting Skills
   healing spells     [Unskilled]
   divination spells  [Unskilled]
   escape spells      [Unskilled]

Voluntary challenges:
 Character rerolling was not enabled.
 You were an atheist.
 You never genocided any monsters.
 You never polymorphed an object.
 You never changed form.
 You used no wishes.
Achievements:
 You entered a shop.
 You attained the rank of Lookout.

 The Dungeons of Doom: levels 1 to 4
    Level 1:
       Some fountains, a grave.
    Level 2:
       A general store.
    Level 3:
       Some fountains, a grave.
    Level 4: <- You were here.
       A sink.
       Final resting place for
          you, killed by a giant bat, while frozen by a floating eye's gaze.


Vanquished creatures:
  a shrieker
  a red mold
  3 geckos
  4 jackals
  2 foxes
  4 goblins
  a sewer rat
  3 grid bugs
  a bat
  4 lichens
  a kobold zombie
  2 newts
27 creatures vanquished.

No species were genocided or became extinct.

Game over:
                       ----------
                      /          \
                     /    REST    \
                    /      IN      \
                   /     PEACE      \
                  /                  \
                  |     AuraMoom     |
                  |      22 Au       |
                  |   killed by a    |
                  |    giant bat     |
                  |                  |
                  |                  |
                  |       2026       |
                 *|     *  *  *      | *
        _________)/\\_//(\/(/\)/\//\/|_)_______

Goodbye AuraMoom the Ranger...

You died in The Dungeons of Doom on dungeon level 4 with 398 points,
and 22 pieces of gold, after 1587 moves.
You were level 3 with a maximum of 28 hit points when you died.

